 Dungeon Crawl Stone Soup version 0.25-a0-576-g50b708a4c4 (webtiles) character file.

Game seed: 11218667431984385919, levelgen mode: classic

3208 EnegeticOcto the Cleaver (level 9, 49/87 HPs)
             Began as a Deep Dwarf Fighter on Mar 1, 2020.
             Quit the game on level 8 of the Dungeon.
             The game lasted 00:04:33 (4477 turns).

EnegeticOcto the Cleaver (Deep Dwarf Fighter)       Turns: 4477, Time: 00:04:33

Health: 49/87      AC: 13    Str: 22    XL:     9   Next: 65%
Magic:  3/3        EV:  5    Int: 10    God:
Gold:   602        SH: 12    Dex: 12    Spells: 8/8 levels left

rFire    . . .     SeeInvis .   f - +0 war axe (drain)
rCold    . . .     Gourm    .   c - +1 kite shield
rNeg     . . .     Faith    .   o - +0 plate armour
rPois    .         Spirit   .   (no helmet)
rElec    .         Reflect  .   p - scarf {repulsion}
rCorr    .         Harm     .   (no gloves)
MR       +....                  (no boots)
Stlth    ..........             (no amulet)
HPRegen  0.00/turn              (no ring)
MPRegen  0.08/turn              (no ring)

@: non-regenerating, repel missiles
A: damage resistance, heal wounds, sense surroundings 2, no regeneration
a: Heal Wounds


You were on level 8 of the Dungeon.
You were hungry.

You visited 2 branches of the dungeon, and saw 9 of its levels.
You also visited: Sewer.

You collected 629 gold pieces.
You spent 27 gold pieces at shops.

Inventory:

Hand Weapons
 f - a +0 war axe of draining (weapon)
Armour
 c - a +1 kite shield (worn)
 o - a +0 plate armour (worn)
 p - a scarf of repulsion (worn)
 r - +2 swamp dragon scales
Jewellery
 s - a cursed ring of teleportation {unknown}
Wands
 m - a wand of iceblast (4)
Scrolls
 b - 4 scrolls of identify {@r1}
 d - 2 scrolls of magic mapping {@r5}
 h - 5 scrolls of blinking {@r3}
 w - a scroll of enchant armour
 x - a scroll of remove curse {@r6}
Potions
 a - a potion of degeneration {unknown}
 g - 3 potions of mutation
 i - a potion of berserk rage
 j - 4 potions of stabbing {@q5}
 k - a potion of might {@q3}
 l - 5 potions of heal wounds {@q2}
 n - 3 potions of haste {@q4}
 q - a potion of brilliance {unknown}
 t - 6 potions of curing {unknown}
 u - a potion of resistance {unknown}
 v - a potion of flight {unknown}
Comestibles
 e - 10 rations


   Skills:
 * Level 7.7 Fighting
 * Level 9.0 Axes
 + Level 6.8 Armour
 + Level 6.9 Shields


You had 8 spell levels left.
You didn't know any spells.
Your spell library was empty.

Dungeon Overview and Level Annotations

Branches:
Dungeon (8/15)             Temple (1/1) D:7           Sewer (visited)
   Lair: D:8-11

Altars:
Ashenzari
Cheibriados
Dithmenos
Elyvilon
Fedhas
Gozag
Hepliaklqana
Kikubaaqudgha
Nemelex Xobeh
Okawaru
Qazlal
Ru
Trog
Uskayaw
Wu Jian
Xom
Yredelemnul
Zin
The Shining One

Shops:
D:6 ?[[[*   D:7 *


Innate Abilities, Weirdness & Mutations

You are resistant to damage.
You can heal yourself by infusing magical energy.
You passively map the area around you.
You do not regenerate.


Message History

You block the kobold's attack.
You hit the big kobold. You drain the big kobold.
The big kobold is severely wounded.
You hit the kobold.
You kill the kobold!
The big kobold hits you but does no damage. x2
You hit the big kobold but do no damage.
You drain the big kobold.
The big kobold is severely wounded.
You barely miss the kobold. You block the kobold's attack.
You block the big kobold's attack.
You slash the big kobold!
You kill the big kobold!
You hit the kobold.
You kill the kobold!
You miss the kobold.
Your shield and plate armour prevent you from hitting the kobold.
You block the kobold's attack. The kobold closely misses you.
You slash the kobold!
You kill the kobold!
You hit the kobold.
You kill the kobold!
The kobold throws a stone.
You block the stone.
You hit the bullfrog zombie.
The bullfrog zombie is lightly damaged.
The bullfrog zombie hits you.
A hound comes into view.
You hit the kobold.
You kill the kobold!
You closely miss the bullfrog zombie.
The bullfrog zombie is lightly damaged.
The bullfrog zombie barely misses you. You block the hound's attack.
You block the bullfrog zombie's attack.
You hit the bullfrog zombie.
The bullfrog zombie is moderately damaged.
You hit the hound. The hound bites you but does no damage.
The bullfrog zombie hits you.
The hound pauses to sniff the ground.
You block the hound's attack.
You hit the bullfrog zombie.
The bullfrog zombie is moderately damaged.
You hit the hound. You drain the hound.
You kill the hound!
Your Axes skill increases to level 9!
The bullfrog zombie hits you. x2
You hit the bullfrog zombie but do no damage.
The bullfrog zombie is moderately damaged.
You block the bullfrog zombie's attack.
You hit the bullfrog zombie.
The bullfrog zombie is moderately damaged.
You block the bullfrog zombie's attack. x2
You slash the bullfrog zombie!
The bullfrog zombie is almost destroyed.
You block the bullfrog zombie's attack.
You closely miss the bullfrog zombie.
The bullfrog zombie is almost destroyed.
The bullfrog zombie barely misses you. The bullfrog zombie hits you.
You slash the bullfrog zombie!
You destroy the bullfrog zombie!
No target in view!
No target in view!
No target in view!
No target in view!
No target in view!
No target in view!
You see here 2 stones.
You see here a stone.
Press: ? - help, . - travel, g - get item You can't see that place. [Stash: a glowing scarf] [the floor.]
You see here a stone.
You see here a glowing scarf.
p - a glowing scarf You start putting on your armour.
You continue putting on your glowing scarf.
Keep equipping yourself?
You continue putting on your glowing scarf.
The crimson imp shouts!
The crimson imp laughs crazily.
You continue putting on your glowing scarf. x2
The crimson imp blinks!
You finish putting on your scarf of repulsion.
You are surrounded by a repulsion field.
The crimson imp hits you but does no damage.
You closely miss the crimson imp. You block the crimson imp's attack.
Your plate armour prevents you from hitting the crimson imp.
The crimson imp hits you but does no damage.
You miss the crimson imp.
The crimson imp blinks!
The crimson imp hits you.
You closely miss the crimson imp.
The crimson imp blinks!
You barely miss the crimson imp. You block the crimson imp's attack.
The crimson imp blinks!
No target in view!
No target in view!
No target in view!
No target in view!
No target in view!
No target in view!
Are you sure you want to abandon this character and quit the game? (Confirm with "yes".)

#(##### #(# * * * #(##
, #(.#* , , ##.##, , ,
,, , #..# * * ,* ##.#
****
#################.##.#*
*
................@....#
, ,+ , *
#################.##.#
* , #..# # , ##.# * ..
* * #.. , , ..# * *
*#.# ,* , ,


There were no monsters in sight!

Vanquished Creatures
  Maggie (D:7)
  Prince Ribbit (D:5)
  A hippogriff (D:7)
  Purgy (Sewer)
  An ice beast (D:6)
  A phantom (D:7)
  A black bear (D:6)
  A sky beast (D:6)
  3 ogres
  2 centaurs
  2 big kobolds
  3 bullfrogs
  A gnoll sergeant (D:6)
  A water moccasin skeleton (D:3)
  3 scorpions (D:7)
  A howler monkey (D:5)
  3 bullfrog zombies
  A centaur zombie (D:6)
  2 quasits (D:7)
  5 orc priests
  3 hounds
  2 jellies
  4 orc wizards
  Jessica (D:2)
  A bullfrog skeleton (D:4)
  2 iguanas
  3 worker ants
  A killer bee zombie (D:6)
  3 hound skeletons
  A hound zombie (D:7)
  8 adders
  3 shadow imps
  3 adder skeletons
  3 worms
  7 leopard geckos
  17 orcs
  4 bats
  4 giant cockroaches
  5 goblins
  9 hobgoblins
  3 jackals
  17 kobolds
  3 quokkas
  2 ball pythons
  7 frilled lizards
  A jackal skeleton (D:4)
  2 leopard gecko skeletons
  A quokka skeleton (D:6)
  A quokka zombie (D:6)
  6 rats
162 creatures vanquished.

Notes
Turn   | Place    | Note
-------+----------+-------------------------------------------
     0 | D:1      | EnegeticOcto the Deep Dwarf Fighter began the quest for the
                  | Orb.
     0 | D:1      | Reached XP level 1. HP: 20/20 MP: 1/1
   108 | D:1      | Reached XP level 2. HP: 27/27 MP: 2/2
   289 | D:2      | Noticed Jessica
   291 | D:2      | Killed Jessica
   291 | D:2      | Reached skill level 3 in Axes
   291 | D:2      | Reached XP level 3. HP: 30/34 MP: 3/3
   311 | D:2      | Found an opulent altar of Gozag.
   314 | D:2      | Found a sacrificial altar of Ru.
   327 | D:2      | Found an iron altar of Okawaru.
   332 | D:2      | Found an ornate altar of the Wu Jian Council.
   376 | D:2      | Reached XP level 4. HP: 28/42 MP: 4/4
   504 | D:4      | Reached XP level 5. HP: 48/50 MP: 4/4
   505 | D:4      | Reached skill level 4 in Axes
   541 | D:4      | Noticed an ogre
   546 | D:4      | Reached XP level 6. HP: 33/57 MP: 4/4
   652 | D:4      | Found a glowing drain.
   662 | Sewer    | Entered a sewer
   722 | Sewer    | Noticed Purgy
   730 | Sewer    | Killed Purgy
   730 | Sewer    | Reached skill level 5 in Axes
   730 | Sewer    | Reached XP level 7. HP: 58/66 MP: 3/3
  1327 | D:5      | Entered Level 5 of the Dungeon
  1369 | D:5      | Noticed Prince Ribbit
  1391 | D:5      | Killed Prince Ribbit
  1391 | D:5      | Reached skill level 5 in Fighting
  1391 | D:5      | Reached skill level 5 in Shields
  1420 | D:5      | Reached skill level 5 in Armour
  1429 | D:5      | Reached skill level 6 in Axes
  1589 | D:5      | Found a glowing golden altar of the Shining One.
  1807 | D:6      | Found Yduoklei's Armour Boutique.
  1858 | D:6      | Found Echadwem's Assorted Antiques.
  1863 | D:6      | Bought a scroll labeled BOOLOGIMMIG for 27 gold pieces
  1974 | D:6      | Reached XP level 8. HP: 34/76 MP: 3/3
  1976 | D:6      | Found Jiyntemuos's Armour Shoppe.
  2116 | D:6      | Reached skill level 7 in Axes
  2146 | D:6      | Found the +6 Majin-Bo {vamp, Archmagi MP+6 Int+6}
  2299 | D:6      | Found Radyogg's Magic Scroll Emporium.
  2491 | D:6      | Found Illytoun's Armour Emporium.
  2567 | D:6      | Found a glowing silver altar of Zin.
  2698 | D:7      | Noticed Maggie
  2713 | D:7      | Killed Maggie
  2713 | D:7      | Gained mutation: You passively map the area around you.
                  | [Deep Dwarf growth]
  2713 | D:7      | Reached XP level 9. HP: 35/85 MP: 4/4
  2761 | D:7      | Reached skill level 8 in Axes
  2810 | D:7      | Found Qurois's General Store.
  2856 | D:7      | Found a shadowy altar of Dithmenos.
  3241 | D:7      | Found a staircase to the Ecumenical Temple.
  3259 | Temple   | Entered the Ecumenical Temple
  4445 | D:8      | Reached skill level 9 in Axes
  4477 | D:8      | Quit the game

Levels and vault maps discovered:
D:1:      minmay_arrival_cross, layout_rooms
D:2:      layout_rooms, grunt_temple_overflow_cloverleaf, minmay_tromino_v4_c,
          uniq_jessica
D:3:      layout_basic, first_ration, grunt_ministairs_15, kennysheep_doodads
D:4:      kennysheep_spiral_hall, layout_loops_cross,
          cheibrodos_sewer_entry_bend
D:5:      layout_cave_pools, nicolae_tso_swordbearing_angel, uniq_prince_ribbit1
D:6:      kennysheep_windowed_halls, layout_cave_pools, zin_scriptorium,
          serial_shops, nicolae_shop_behind_doors, shop_coins,
          kennysheep_little_box, kennysheep_mini_moat, shop_coins,
          roderic_roman_lattice, grunt_tough_drop
D:7:      layout_basic, temple_green, serial_shops, shop, minmay_ruined_shrine,
          uniq_maggie
D:8:      layout_basic, hangedman_little_slice_of_home
Temple:   eino_temple_lava

Skill      XL: |  1  2  3  4  5  6  7  8  9 |
---------------+----------------------------+-----
Fighting       | 3 4 5 6 7 |  7.7
Axes           | 3 4 5 6 7 9 |  9.0
Armour         | 4 5 6 |  6.8
Shields        | 4 5 6 |  6.9

Action                   |  1- 3 |  4- 6 |  7- 9 || total
-------------------------+-------+-------+-------++-------
Melee: War axe           |    71 |   104 |   393 ||   568
 Abil: Heal Wounds       |     1 |    14 |     9 ||    24
  Use: Scroll            |       |     4 |    13 ||    17
  Eat: Chunk             |       |       |    12 ||    12
Armor: Scale mail        |    29 |    74 |    18 ||   121
       Plate armour      |       |       |   200 ||   200
Dodge: Dodged            |    23 |    33 |    68 ||   124
Block: Kite shield       |    37 |    85 |   274 ||   396

Table legend:
 A = Non-vault XP
 B = Vault XP
 C = Vault XP percentage of total XP
 D = Non-vault monster count
 E = Vault monster count
 F = Vault count percentage of total count
                 A         B        C        D         E       F
            +---------+---------+-------+---------+---------+-------
      Total |    2472 |    2112 |  46.1 |     124 |      38 |  23.5
            +---------+---------+-------+---------+---------+-------
        D:1 |      25 |       0 |   0.0 |      16 |       0 |   0.0
        D:2 |      81 |      44 |  35.2 |      18 |       3 |  14.3
        D:3 |     165 |       4 |   2.4 |      18 |       2 |  10.0
        D:4 |     573 |      26 |   4.3 |      22 |       3 |  12.0
        D:5 |     112 |     274 |  71.0 |       6 |       1 |  14.3
        D:6 |     523 |     752 |  59.0 |      11 |      17 |  60.7
        D:7 |     672 |     860 |  56.1 |      21 |       6 |  22.2
        D:8 |     321 |       0 |   0.0 |      12 |       0 |   0.0
      Sewer |       0 |     152 | 100.0 |       0 |       6 | 100.0
            +---------+---------+-------+---------+---------+-------
